 Dungeon Crawl Stone Soup version 0.28.0-49-g6dfe1f597d (webtiles) character file.

Game seed: 13145295476830678934

104 Zeld the Magician (level 4, 0/24 HPs)
             Began as a Deep Elf Fire Elementalist on May 19, 2022.
             Succumbed to an adder's poison
             ... on level 3 of the Dungeon.
             The game lasted 00:01:56 (2143 turns).

Zeld the Magician (Deep Elf Fire Elementalist)      Turns: 2143, Time: 00:01:56

Health: 0/24       AC:  3    Str:  5    XL:     4   Next: 52%
Magic:  0/12       EV: 13    Int: 22    God:
Gold:   65         SH:  0    Dex: 15    Spells: 5/12 levels left

rFire   . . .      SeeInvis .   (no weapon)
rCold   . . .      Faith    .   (no shield)
rNeg    . . .      Spirit   .   a - +0 robe
rPois   .          Reflect  .   (no helmet)
rElec   .          Harm     .   j - +0 cloak
rCorr   .          Rampage  .   (no gloves)
Will    .....                   (no boots)
Stlth   ++........              (no amulet)
HPRegen 0.08/turn               (no ring)
MPRegen 0.13/turn               (no ring)

@: lethally poisoned (0 -> -5)
A: no striking features
a: no special abilities


You were on level 3 of the Dungeon.
You visited 1 branch of the dungeon, and saw 3 of its levels.

You collected 65 gold pieces.

Inventory:

Armour
 a - a +0 robe (worn)
 j - a +0 cloak (worn)
Scrolls
 b - a scroll of holy word {unknown}
 c - a scroll of acquirement {unknown}
 g - a scroll of blinking {unknown}
 i - a scroll of brand weapon {unknown}
 k - a scroll of teleportation {unknown}
Potions
 d - a potion of degeneration {unknown}
 e - a potion of heal wounds {unknown}
 f - a potion of ambrosia {unknown}
 h - 2 potions of brilliance {unknown}


   Skills:
 + Level 3.2 Dodging
 - Level 2.4 Stealth
 * Level 4.5 Spellcasting
 + Level 2.0 Conjurations
 * Level 4.3 Fire Magic


You had 5 spell levels left.
You knew the following spells:

 Your Spells              Type           Power      Damage    Failure   Level
a - Foxfire               Conj/Fire      76%        2x1d7     3%          1
b - Scorch                Fire           46%        2d7       2%          2
c - Flame Wave            Conj/Fire      19%        2d6       28%         4

Your spell library contained the following spells:

 Spells                   Type           Power      Damage    Failure   Level
 Conjure Flame            Conj/Fire      19%        6-21      9%          3
 Inner Flame              Hex/Fire       14%        N/A       13%         3
 Portal Projectile        Hex/Tloc       8%         N/A       32%         3
 Blade Hands              Tmut           2%         N/A       96%         5
 Excruciating Wounds      Necr           2%         N/A       96%         5
 Chain Lightning          Conj/Air       4%         3d6       100%        9
 Fire Storm               Conj/Fire      9%         8d3       100%        9
 Shatter                  Erth           2%         3d6*      100%        9


Dungeon Overview and Level Annotations

Branches:
Dungeon (3/15)

Altars:


Message History

Unknown command.
Casting: Scorch (safe; 2% risk of failure)
Confirm with . or Enter, or press ? or * to list all spells.
Flames lash the orc.
The orc is burned terribly!
You kill the orc!
The adder bites you. The adder bites you but does no damage.
The adder misses you. The adder misses you.
Casting: Scorch (safe; 2% risk of failure)
Confirm with . or Enter, or press ? or * to list all spells.
Flames lash the adder.
The adder is lightly wounded.
The adder's fire resistance burns away.
The adder misses you. The adder bites you.
You are poisoned.
The adder poisons you!
You feel sick.
You feel sick.
You feel sick.
The adder is no longer more vulnerable to fire.
The adder barely misses you.
You feel sick.
You are no longer poisoned.
The adder closely misses you. The adder barely misses you.
Casting: Scorch (safe; 2% risk of failure)
Confirm with . or Enter, or press ? or * to list all spells.
Flames lash the ball python.
You kill the ball python!
The adder bites you.
* * * LOW HITPOINT WARNING * * *
You are lethally poisoned!
The adder poisons you!
* * * LOW HITPOINT WARNING * * *
You feel sick.
Unknown command.
Unknown command.
Unknown command.
There is a lethal amount of poison in your body!
You die...

#.##.#
##.##.#
#.....#
#..####
#..# #..#
#..# #..#
########@.#
..........#
########S##
#.#
########†#
#........#
#.########
#.# #.#


You could see an adder.

Vanquished Creatures
  A gnoll shaman (D:2)
  3 gnolls (D:2)
  A worm (D:3)
  A dart slug (D:1)
  2 orcs
  4 ball pythons
  2 bats
  An endoplasm (D:3)
  2 giant cockroaches
  3 goblins
  2 hobgoblins (D:1)
  4 jackals (D:2)
  A quokka (D:1)
  5 frilled lizards
  3 kobolds
  5 rats
40 creatures vanquished.

Vanquished Creatures (others)
  28 foxfires (D:1)
28 creatures vanquished.

Grand Total: 68 creatures vanquished

Notes
Turn   | Place    | Note
-------+----------+-------------------------------------------
     0 | D:1      | Zeld the Deep Elf Fire Elementalist began the quest for the
                  | Orb.
     0 | D:1      | Reached XP level 1. HP: 10/10 MP: 6/6
   273 | D:1      | Reached XP level 2. HP: 15/15 MP: 6/8
   306 | D:1      | Learned a level 2 spell: Scorch
  1306 | D:2      | Reached XP level 3. HP: 17/19 MP: 2/10
  1567 | D:2      | Reached XP level 4. HP: 14/24 MP: 0/12
  1693 | D:1      | Learned a level 4 spell: Flame Wave
  2142 | D:3      | HP: 1/24 [poisoned by an adder]
  2143 | D:3      | Succumbed to an adder's poison

Illustrated notes

Levels and vault maps discovered:
D:1:      lightli_iron_boxes, layout_rooms
D:2:      layout_loops_ring, corexii_shack
D:3:      layout_loops_ring, ebering_ecumenical_altar_ruins

Skill      XL: |  1  2  3 |
---------------+----------+-----
Dodging        | 3 |  3.2
Spellcasting   | 4 |  4.5
Conjurations   | 2 |  2.0
Fire Magic     | 4 |  4.3
Stealth        | |  2.4

Action                   |  1- 3 |  4- 6 || total
-------------------------+-------+-------++-------
Melee: Unarmed           |     6 |     3 ||     9
 Cast: Foxfire           |    17 |       ||    17
       Scorch            |    31 |    15 ||    46
 Stab: Sleeping          |     1 |     1 ||     2
Armor: Robe              |     1 |     3 ||     4
Dodge: Dodged            |     5 |    14 ||    19
